 Dungeon Crawl Stone Soup version 0.31.0-32-g396128a36d (webtiles) character file.

Game seed: 5439477450323618517

7643 loom the Mimic (level 11, -19/120 HPs)
             Began as an Oni Shapeshifter on Apr 23, 2024.
             Was a Priest of Ru.
             Demolished by a tentacled starspawn (39 damage)
             ... on level 1 of the Abyss.
             The game lasted 00:29:22 (12710 turns).

loom the Mimic (Oni Shapeshifter)                  Turns: 12710, Time: 00:29:22

Health: -19/120    AC:  1    Str: 24    XL:     11   Next: 18%
Magic:  11/11      EV: 14    Int: 11    God:    Ru [***...]
Gold:   470        SH:  0    Dex:  8    Spells: 10/10 levels left

rFire   . .          .
                       - Unarmed
rCold   . . .        (shield currently unavailable)
rNeg    . . .        G - +0 troll leather armour
rPois   .            (helmet restricted)
rElec   .            (no cloak)
rCorr   .            (gloves unavailable)
SInv    .            (boots unavailable)
Will    +....        H - amulet of magic regeneration Stlth
                     z - +5 ring of evasion
HPRegen 1.20/turn    (no ring)
MPRegen 0.52/turn

%: no passive effects
@: blade hands, studying Unarmed Combat
A: large, unfitting armour, horns 1, tough skin 1, no stealth, hated by all, no
ice magic, no necromancy magic, no alchemy magic, double potion healing, drunken
brawling, subdued magic 1
a: Begin Untransformation, Renounce Religion, Draw Out Power


You were on level 1 of the Abyss.
You worshipped Ru.
Ru was most pleased with you.
You had blades for hands.
You visited 2 branches of the dungeon, and saw 11 of its levels.
You visited the Abyss 1 time.
You also visited: Sewer and Ossuary.

You collected 580 gold pieces.
You spent 110 gold pieces at shops.

Inventory:

Armour
 a - a +1 animal skin
 u - +0 ice dragon scales
 G - a +0 troll leather armour (worn)
 I - +0 steam dragon scales
Jewellery
 k - a ring of ice
 z - a +5 ring of evasion (left blade hand)
 H - an amulet of magic regeneration (around neck)
 J - a +5 ring of evasion
Talismans
 c - a beast talisman
 d - a flux talisman
 K - a blade talisman (active)
Wands
 e - a wand of charming (11)
 n - a wand of flame (22)
 r - a wand of polymorph (4)
 y - a wand of iceblast (8)
 B - a wand of acid (5)
Scrolls
 g - 2 scrolls of immolation
 i - 3 scrolls of teleportation
 l - 3 scrolls of fear
 m - a scroll of identify
 o - 2 scrolls of fog
 t - 4 scrolls of blinking
 C - 4 scrolls of poison
 D - a scroll of amnesia
 F - 2 scrolls of revelation
Potions
 b - 7 potions of curing
 f - 4 potions of might
 h - 2 potions of cancellation
 j - 4 potions of brilliance
 p - 4 potions of mutation
 q - 3 potions of heal wounds
 s - 2 potions of haste
 v - 2 potions of magic
 w - a potion of resistance
 x - a potion of berserk rage
 A - 4 potions of enlightenment
 E - a potion of attraction


   Skills:
 - Level 11.0 Fighting
 - Level 1.7 Dodging
 + Level 10.2 Unarmed Combat
 * Level 11.5 Shapeshifting


You had 10 spell levels left.
You didn't know any spells.
Your spell library contained the following spells:

 Spells                   Type           Power      Damage    Failure   Level
 Magic Dart               Conj           0%         1d3       34%         1
 Blink                    Tloc           0%         N/A       47%         2
 Passage of Golubria      Tloc           0%         N/A       98%         4
 Silence                  Hex/Air        0%         N/A       100%        5
 Lehudib's Crystal Spear  Conj/Erth      0%         10d2      100%        8
 Call Imp                 Summ           Unusable   N/A       N/A         2
 Sublimation of Blood     Necr           Unusable   N/A       N/A         2
 Summon Hydra             Summ           Unusable   N/A       N/A         7

Dungeon Overview and Level Annotations

Branches:
Dungeon (10/15)            Temple (1/1) D:5            Lair (0/5) D:9
    Orc (0/2) D:9           Sewer (visited)         Ossuary (visited)

Altars:
Ashenzari
Cheibriados
Dithmenos
Elyvilon
Gozag
Kikubaaqudgha
Makhleb
Nemelex Xobeh
Okawaru
Qazlal
Ru
Sif Muna
Trog
Uskayaw
Vehumet
Wu Jian
Xom
Zin
The Shining One

Shops:
D:5 ![(==

Annotations:
D:6 1 runed translucent door, Crazy Yiuf
D:10 Sonja


Innate Abilities, Weirdness & Mutations

You have blades for hands.
You are incapable of wielding weapons or throwing items.
You are too large for most types of armour.
You have a pair of small horns on your head.
You have tough skin. (AC +1)
You cannot be stealthy.
You are hated by all.
You cannot study or cast Ice magic.
You cannot study or cast Necromancy magic.
You cannot study or cast Alchemy magic.
You gain doubled healing and magic from potions.
Whenever you drink a healing potion, you attack all around you.
Your spells are a little easier to cast, but a little less powerful.


Message History

You slash the tentacled starspawn! You headbutt the tentacled starspawn.
The tentacled starspawn is lightly damaged.
The tentacled starspawn bites you!!
The tentacled starspawn tentacle-slaps you!
You completely miss the tentacled starspawn.
You headbutt the tentacled starspawn.
The tentacled starspawn is lightly damaged.
The starcursed mass shrieks in your mind.
The tentacled starspawn bites you!!
* * * LOW HITPOINT WARNING * * *
The tentacled starspawn tentacle-slaps you!!
* * * LOW HITPOINT WARNING * * *
Unknown command.
Unknown command.
You take a swig of the potion and flex your muscles.
You slash the tentacled starspawn!
The tentacled starspawn is moderately damaged.
You savour every drop.
You feel much better.
The tentacled starspawn completely misses you.
The tentacled starspawn tentacle-slaps you!
Unknown command.
You slice the tentacled starspawn!!
The tentacled starspawn is heavily damaged.
You barely miss the tentacled starspawn.
The tentacled starspawn is heavily damaged.
The tentacled starspawn bites you!
The tentacled starspawn tentacle-slaps you!!
* * * LOW HITPOINT WARNING * * *
You focus your inner power and blind the tentacled starspawn in retribution!
You hit the tentacled starspawn. You slash the tentacled starspawn.
The tentacled starspawn is heavily damaged.
The tentacled starspawn begins to attack, but is stunned by your conviction!
You hit the tentacled starspawn.
The tentacled starspawn is severely damaged.
A tentacle flies out from the starspawn's body!
A starspawn tentacle comes into view.
You barely miss the tentacled starspawn.
The tentacled starspawn is severely damaged.
The tentacled starspawn bites you!!!
You die...

...... .###
.X....#.. #
...X....#.####.#
. ......#......##
....DX..#........
....w5#.#........
... .D#@......#
#XX#...#...
#.X#.#..# ####..
.... ... ... ##..
#. ... ####


You could see a starcursed mass, a tentacled starspawn (blind, unable to see
you) and a large abomination.

Vanquished Creatures
  An ugly thing (D:10)
  A worldbinder (Abyss:1)
  2 kobold demonologists (D:9)
  A troll (D:9)
  2 wraiths
  A small abomination (Abyss:1)
  Sigmund (D:3)
  A vampire (Abyss:1)
  A wyvern (D:10)
  A neqoxec (Abyss:1)
  Menkaure (D:4)
  2 steam dragons
  A water moccasin (D:6)
  3 ice beasts
  3 orc warriors
  2 black bears (D:5)
  4 sky beasts
  5 centaurs
  4 kobold brigands
  A weeping skull (Ossuary)
  A gnoll sergeant (D:9)
  4 bullfrogs
  2 scorpions
  8 wights (D:7)
  A burial acolyte (Ossuary)
  10 killer bees
  3 howler monkeys (D:10)
  A centaur zombie (Ossuary)
  3 orc priests
  A bombardier beetle (D:4)
  3 hounds
  A jelly (D:7)
  An iron imp (Abyss:1)
  2 iguanas
  2 sleepcaps
  6 starcursed masses (Abyss:1)
  Natasha (thrice) (D:3)
  3 orc wizards (D:7)
  5 mummies (Ossuary)
  7 gnolls
  14 adders
  6 river rats
  2 shadow imps
  A white imp (D:8)
  4 ufetubi (Abyss:1)
  5 dart slugs
  3 ribbon worms
  31 orcs
  5 bats
  4 endoplasms
  7 giant cockroaches
  2 gnoll zombies (Ossuary)
  8 goblins
  12 hobgoblins
  3 quokkas
  17 ball pythons
  5 frilled lizards
  29 kobolds
  A kobold zombie (Ossuary)
  4 orc zombies (Ossuary)
  20 rats
288 creatures vanquished.

Vanquished Creatures (others)
  5 starspawn tentacles (Abyss:1)
5 creatures vanquished.

Grand Total: 293 creatures vanquished

Notes
Turn   | Place    | Note
-------+----------+-------------------------------------------
     0 | D:1      | loom the Oni Shapeshifter began the quest for the Orb.
     0 | D:1      | Reached XP level 1. HP: 19/19 MP: 1/1
   154 | D:1      | Reached XP level 2. HP: 12/28 MP: 2/2
   540 | D:1      | Reached XP level 3. HP: 26/35 MP: 3/3
  2089 | D:3      | Noticed Natasha
  2096 | D:3      | Killed Natasha
  2097 | D:3      | Reached XP level 4. HP: 42/44 MP: 4/4
  2160 | D:3      | Reached XP level 5. HP: 43/53 MP: 5/5
  2455 | D:3      | Noticed Natasha
  2465 | D:3      | Killed Natasha
  2808 | D:2      | Reached XP level 6. HP: 57/62 MP: 6/6
  2984 | D:3      | Noticed Natasha
  2998 | D:3      | Killed Natasha
  3365 | D:3      | Reached skill level 5 in Shapeshifting
  3366 | D:3      | Noticed Sigmund
  3523 | D:3      | Killed Sigmund
  3524 | D:3      | Reached XP level 7. HP: 44/71 MP: 7/7
  4012 | D:4      | Noticed Menkaure
  4483 | D:4      | Reached skill level 5 in Fighting
  4882 | D:4      | Killed Menkaure
  5210 | D:5      | Entered Level 5 of the Dungeon
  5268 | D:5      | Reached XP level 8. HP: 52/83 MP: 8/8
  5323 | D:5      | Found Enejam's Jewellery Emporium.
  5355 | D:5      | Found a staircase to the Ecumenical Temple.
  5375 | Temple   | Entered the Ecumenical Temple
  5384 | Temple   | Became a worshipper of Ru the Awakened
  5436 | D:5      | Found a glowing drain.
  5468 | Sewer    | Entered a sewer
  5687 | Sewer    | Reached skill level 5 in Unarmed Combat
  6300 | D:5      | Found Mazikk's Jewellery Boutique.
  6421 | D:5      | Found Onociol's Armour Shoppe.
  6448 | D:5      | Gained mutation: You cannot study or cast Ice magic. [Ru
                  | sacrifice]
  6448 | D:5      | Gained mutation: You cannot study or cast Alchemy magic.
                  | [Ru sacrifice]
  6448 | D:5      | Gained mutation: You cannot study or cast Necromancy magic.
                  | [Ru sacrifice]
  6448 | D:5      | Reached * piety under Ru
  6495 | D:5      | Found Dappyer's Distillery.
  6508 | D:5      | Bought a potion of curing for 30 gold pieces
  6508 | D:5      | Bought a potion of berserk rage for 50 gold pieces
  6508 | D:5      | Bought a potion of curing for 30 gold pieces
  6595 | D:5      | Found Lomp's Antique Weapon Emporium.
  7870 | D:6      | Found an ornate altar of the Wu Jian Council.
  7948 | D:6      | Reached XP level 9. HP: 86/93 MP: 9/9
  8251 | D:6      | Found a runed translucent door.
  8252 | D:6      | Noticed Crazy Yiuf
  8317 | D:6      | Identified a scroll of acquirement
  8317 | D:6      | Acquired a manual of Unarmed Combat
  8375 | D:7      | Found a hazy altar of Hepliaklqana.
  8787 | D:7      | Found a sparkling altar of Nemelex Xobeh.
  8933 | D:7      | Found a sand-covered staircase.
  8938 | Ossuary  | Entered an ossuary
  9192 | Ossuary  | Gained mutation: You cannot be stealthy. [Ru sacrifice]
  9685 | D:7      | Reached XP level 10. HP: 100/106 MP: 10/10
  9822 | D:7      | Identified the +3 orcbow "Wueniom" {drain, Will+}
 10945 | D:9      | Reached skill level 10 in Shapeshifting
 11077 | D:9      | Found an iron altar of Okawaru.
 11100 | D:9      | Found a shadowy altar of Dithmenos.
 11137 | D:9      | Noticed a kobold demonologist
 11181 | D:9      | Killed a kobold demonologist
 11187 | D:9      | Found a staircase to the Orcish Mines.
 11597 | D:9      | Found a staircase to the Lair.
 11678 | D:9      | Noticed a kobold demonologist
 11681 | D:9      | Noticed a sun demon
 11687 | D:9      | Killed a kobold demonologist
 11688 | D:9      | Reached skill level 10 in Fighting
 12083 | D:9      | Gained mutation: You are hated by all. [Ru sacrifice]
 12083 | D:9      | Reached ** piety under Ru
 12083 | D:9      | Reached *** piety under Ru
 12219 | D:10     | Entered Level 10 of the Dungeon
 12259 | D:10     | Found a bloodstained altar of Trog.
 12384 | D:10     | Noticed a purple ugly thing
 12396 | D:10     | Killed a purple ugly thing
 12397 | D:10     | Reached XP level 11. HP: 119/119 MP: 11/11
 12477 | D:10     | Noticed Sonja
 12490 | Abyss:1  | Cast into level 1 of the Abyss (Sonja)
 12539 | Abyss:1  | Gained mutation: Your spells are a little easier to cast,
                  | but a little less powerful. [a neqoxec]
 12619 | Abyss:1  | Noticed a worldbinder
 12636 | Abyss:1  | Killed a worldbinder
 12637 | Abyss:1  | Reached skill level 10 in Unarmed Combat
 12654 | Abyss:1  | Noticed a bone dragon
 12669 | Abyss:1  | Noticed a starcursed mass
 12674 | Abyss:1  | Paralysed by accursed screaming for 1 turns
 12680 | Abyss:1  | Paralysed by accursed screaming for 1 turns
 12681 | Abyss:1  | Noticed a large abomination
 12681 | Abyss:1  | HP: 3/120 [starcursed mass (15)]
 12695 | Abyss:1  | Noticed a tentacled starspawn
 12710 | Abyss:1  | Demolished by a tentacled starspawn

Illustrated notes

Levels and vault maps discovered:
D:1:      minmay_arrival_wavy_path, layout_basic, minmay_pentomino_w4
D:2:      wad_crossroads, layout_basic, corexii_hall_statues_u
D:3:      wad_lake_hut, layout_basic, kennysheep_generic_room_3, uniq_natasha,
          uniq_sigmund
D:4:      layout_cave_pools, serial_bayou_lagoon_b, uniq_menkaure
D:5:      layout_loops_corners, minmay_temple_entry_large_hall,
          mainiacjoe_sewer_entry_somewhere_in_here_1, serial_shops, shop,
          nicolae_shop_tiny_waterfront, nicolae_lakefront_shop,
          nicolae_shop_tiny_glass, nicolae_inconvenience_store
D:6:      layout_loops_ring, nzn_wu_jian_council_hall, corexii_shack,
          uniq_crazy_yiuf_cottage
D:7:      layout_basic, mainiacjoe_overflow_24_doors, lemuel_crystal_altar,
          enter_ossuary_2
D:8:      layout_rooms
D:9:      layout_stronghold, chequers_temple_overflow_statue_of_worship,
          dpeg_oklobed_lair, david_orc_2
D:10:     layout_rooms, lemuel_tele_altar, uniq_sonja
Temple:   nicolae_temple_bog_church
Abyss:1:  base: D:9, kilobyte_mutagenic_chamber

Skill      XL: |  1  2  3  4  5  6  7  8  9 10 11 |
---------------+----------------------------------+-----
Fighting       | 2 3 4 5 7 9 10 11 | 11.0
Unarmed Combat | 3 4 5 7 9 10 | 10.2
Shapeshifting  | 4 5 6 7 9 11 | 11.5
Dodging        | |  1.7

Action                     |  1- 3 |  4- 6 |  7- 9 | 10-12 || total
---------------------------+-------+-------+-------+-------++-------
  Melee: Unarmed           |   118 |   104 |   380 |   206 ||   808
         Headbutt          |    17 |    18 |    69 |    44 ||   148
         Punch             |       |       |    17 |     7 ||    24
 Invoke: Sacrifice Arcana  |       |       |     1 |       ||     1
         Sacrifice Stealth |       |       |     1 |       ||     1
         Sacrifice Love    |       |       |       |     1 ||     1
Ability: Begin Untransform |       |       |       |     2 ||     2
    Use: Scroll            |       |       |    20 |     7 ||    27
         Potion            |       |       |     1 |     5 ||     6
   Stab: Distracted        |     1 |       |       |       ||     1
         Invisible         |       |       |       |     1 ||     1
 Armour: Animal skin       |    64 |    77 |   261 |    42 ||   444
         Skin              |       |       |     2 |       ||     2
         Troll leather arm |       |       |       |   113 ||   113
  Dodge: Dodged            |    44 |    42 |   182 |   155 ||   423
   Form: Blade             |       |       |       |     1 ||     1
         Beast             |       |       |       |     1 ||     1
